 Dungeon Crawl Stone Soup version 0.31-a0-202-g547052bce9 (webtiles) character file.

Game seed: 6636004216002795848

38 qw the Shooter (level 3, -1/20 HPs)
             Began as a Deep Elf Hunter on June 26, 2023.
             Slain by a phantom (5 damage)
             ... on level 2 of the Dungeon.
             The game lasted 00:00:17 (873 turns).

qw the Shooter (Deep Elf Hunter)                     Turns: 873, Time: 00:00:18

Health: -1/20      AC:  4    Str: 10    XL:     3   Next: 25%
Magic:  5/5        EV: 12    Int: 13    God:
Gold:   68         SH:  0    Dex: 18    Spells: 2/2 levels left

rFire   . . .        Y - +0 shortbow
rCold   . . .        (shield currently unavailable)
rNeg    . . .        c - +0 leather armour
rPois   .            (no helmet)
rElec   .            f - +0 cloak
rCorr   .            (no gloves)
SInv    .            (no boots)
Will    .....        (no amulet)
Stlth   ++           (no ring)
HPRegen 0.23/turn    (no ring)
MPRegen 0.09/turn

%: no passive effects
@: no status effects
A: no striking features
a: no special abilities


You were on level 2 of the Dungeon.
You visited 1 branch of the dungeon, and saw 2 of its levels.

You collected 68 gold pieces.


   Skills:
 - Level 1.5 Fighting
 + Level 6.8 Ranged Weapons
 - Level 2.4 Dodging
 - Level 1.2 Stealth


You had 2 spell levels left.
You didn't know any spells.
Your spell library was empty.

Inventory:

Hand Weapons
 Y - a +0 shortbow (weapon)
Armour
 a - a +0 ring mail
 c - a +0 leather armour (worn)
 f - a +0 cloak (worn)
Scrolls
 b - a scroll of identify
Potions
 e - a potion of attraction {unknown}

Dungeon Overview and Level Annotations

Branches:
Dungeon (2/15)

Altars:


Message History

You start resting.
HP restored.
A worm comes into view.
You shoot an arrow. The arrow hits the worm.
The worm is moderately wounded.
You shoot an arrow. The arrow hits the worm!
The worm is almost dead.
A phantom comes into view.
You shoot an arrow. The arrow hits the worm!
You kill the worm!
You shoot an arrow. The arrow hits the phantom.
The phantom is moderately damaged.
You shoot an arrow. The arrow barely misses the phantom.
You shoot an arrow. The arrow hits the phantom.
The phantom is moderately damaged.
You shoot an arrow. The arrow closely misses the phantom.
You shoot an arrow.
The arrow hits the phantom but does no damage.
The phantom is moderately damaged.
You shoot an arrow. The arrow barely misses the phantom.
The phantom hits you.
You shoot an arrow. The arrow hits the phantom.
The phantom is heavily damaged.
The phantom hits you but does no damage.
You shoot an arrow. The arrow closely misses the phantom.
The phantom hits you.
You shoot an arrow.
The arrow hits the phantom but does no damage.
The phantom is heavily damaged.
The phantom hits you.
The phantom blinks!
You blink.
You shoot an arrow. The arrow misses the phantom.
The phantom hits you.
The phantom blinks!
You blink.
A goblin comes into view. It is wielding a +0 club.
Found 8 gold pieces.
The phantom barely misses you.
You shoot an arrow.
The arrow hits the phantom but does no damage.
The phantom is heavily damaged.
The goblin shouts!
The phantom hits you.
You die...

#. # # #.
### .#g#..
#.##.##.$..
#..#.#..##
#..W@...#
#...###.#
##..### #.
#...¤.# .#
#.#.#.# ..
#.#.# # #.
#.#¤#.#
#..#.....#
#..##.####.#


You could see a phantom and a goblin.

Vanquished Creatures
  A gnoll (D:1)
  A worm (D:2)
  3 dart slugs
  A ball python (D:1)
  3 endoplasms (D:1)
  A giant cockroach (D:2)
  A goblin (D:1)
  2 quokkas (D:1)
  5 bats
  A frilled lizard (D:1)
19 creatures vanquished.

Notes
Turn   | Place    | Note
-------+----------+-------------------------------------------
     0 | D:1      | qw the Deep Elf Hunter began the quest for the Orb.
     0 | D:1      | Reached XP level 1. HP: 12/12 MP: 3/3
     0 | D:1      | 0 ||| qw: Version: 0.3-a-22-g0ed2b0b
     0 | D:1      | 0 ||| qw: Game counter: 6337
     0 | D:1      | 0 ||| qw: Melee chars always use a shield: true
     0 | D:1      | 0 ||| qw: God list: Okawaru
     0 | D:1      | 0 ||| qw: Allow faded altars: false
     0 | D:1      | 0 ||| qw: Do Orc after clearing Dungeon:15 true
     0 | D:1      | 0 ||| qw: Do second Lair branch before Depths: true
     0 | D:1      | 0 ||| qw: Lair rune preference: random
     0 | D:1      | 0 ||| qw: Goals: Normal
     0 | D:1      | 0 ||| PLANNING D:1-11
    94 | D:1      | Reached skill level 6 in Ranged Weapons
    94 | D:1      | Reached XP level 2. HP: 6/16 MP: 4/4
   251 | D:1      | HP: 3/16 [quokka (2)]
   396 | D:1      | 396 ||| FLEEEEING.
   596 | D:1      | Reached XP level 3. HP: 20/20 MP: 5/5
   756 | D:1      | 756 ||| UPGRADING to +0 cloak.
   761 | D:1      | 761 ||| READING scroll labelled BIQOPO OK KODI.
   762 | D:1      | 762 ||| READING scroll labelled GUKLAU PUGGAVE.
   763 | D:1      | 763 ||| DROPPING scroll of butterflies.
   861 | D:2      | Noticed a phantom
   872 | D:2      | HP: 4/20 [phantom (5)]
   873 | D:2      | Slain by a phantom

Levels and vault maps discovered:
D:1:      dpeg_arrival_round_c, layout_loops_cross
D:2:      cheibrodos_old_hovel, layout_basic, minmay_between

Skill      XL: |  1 |
---------------+----+-----
Ranged Weapons | 6 |  6.8
Fighting       | |  1.5
Dodging        | |  2.4
Stealth        | |  1.2

Action                     || total
---------------------------++-------
   Fire: Shortbow          ||    68
    Use: Scroll            ||     2
 Armour: Leather armour    ||     5
  Dodge: Dodged            ||    12

Table legend:
 A = Non-vault XP
 B = Vault XP
 C = Vault XP percentage of total XP
 D = Non-vault monster count
 E = Vault monster count
 F = Vault count percentage of total count
                 A         B        C        D         E       F
            +---------+---------+-------+---------+---------+-------
      Total |      50 |       5 |   9.1 |      18 |       1 |   5.3
            +---------+---------+-------+---------+---------+-------
        D:1 |      43 |       0 |   0.0 |      15 |       0 |   0.0
        D:2 |       7 |       5 |  41.7 |       3 |       1 |  25.0
            +---------+---------+-------+---------+---------+-------
